 Dungeon Crawl Stone Soup version 0.19.1-1-g22dce08 (webtiles) character file.

478 Jynx the Chiller (level 6, -6/43 HPs)
             Began as a Demonspawn Ice Elementalist on Jan 15, 2017.
             Mangled by an ogre
             ... wielding a +0 giant club
              (13 damage)
             ... on level 4 of the Dungeon.
             The game lasted 00:08:51 (4251 turns).

Jynx the Chiller (Demonspawn Ice Elementalist)      Turns: 4251, Time: 00:08:52

Health: -6/43      AC: 12    Str: 10    XL:     6   Next: 86%
Magic:  9/12       EV: 12    Int: 17    God:
Gold:   225        SH:  0    Dex: 13    Spells: 3 memorised, 7 levels left

rFire  . . .     SeeInvis .     m - -2 falchion (curse)
rCold  . . .     Gourm    .     a - +1 robe
rNeg   . . .     Faith    .     (no shield)
rPois  .         Spirit   .     (helmet restricted)
rElec  .         Reflect  .     (no cloak)
rCorr  .         Harm     .     (no gloves)
MR     .....                    i - +0 pair of boots
Stlth  ++........               (no amulet)
                                (no ring)
                                (no ring)

@: icy armour, slow
A: horns 2, thin metallic scales 1, spiny 1
a: no special abilities


You were on level 4 of the Dungeon.
You were not hungry.

You visited 1 branch of the dungeon, and saw 4 of its levels.

You collected 225 gold pieces.

Inventory:

Hand Weapons
 g - a +0 short sword
 m - a cursed -2 falchion (weapon)
Armour
 a - a +1 robe (worn)
 i - a +0 pair of boots (worn)
Wands
 e - a wand of teleportation (4/9)
Scrolls
 r - a scroll of enchant weapon {unknown}
Potions
 d - a potion of invisibility
 f - 2 potions of cancellation
 h - a potion of berserk rage
 j - a potion of brilliance {unknown}
 l - a potion of flight {unknown}
 n - 5 potions of curing {unknown}
 q - a potion of mutation {unknown}
Books
 b - a book of Frost

   Spells                             Type                      Level
   a - Freeze                         Ice                          1
   b - Throw Frost                    Conjuration/Ice              2
   c - Ozocubu's Armour               Charms/Ice                   3
   d - Throw Icicle                   Conjuration/Ice              4
   e - Summon Ice Beast               Ice/Summoning                4
 t - a book of Misfortune

   Spells                             Type                      Level
   a - Confusing Touch                Hexes                        1
   b - Confuse                        Hexes                        3
   c - Gell's Gravitas                Hexes/Translocation          3
   d - Petrify                        Transmutation/Earth          4
   e - Metabolic Englaciation         Hexes/Ice                    5
   f - Yara's Violent Unravelling     Hexes/Transmutation          5
Comestibles
 c - 2 bread rations
 k - 2 beef jerkies
 o - a meat ration
 p - a slice of pizza


   Skills:
 + Level 1.3 Fighting
 + Level 1.0 Long Blades
 - Level 1.7 Dodging
 - Level 1.7 Stealth
 + Level 4.3 Spellcasting
 + Level 1.7 Conjurations
 + Level 0.6 Charms
 * Level 5.3 Ice Magic


You had 7 spell levels left.
You knew the following spells:

 Your Spells              Type           Power        Failure   Level  Hunger
a - Freeze                Ice            ###.         1%          1    None
b - Throw Frost           Conj/Ice       ###...       6%          2    ##.....
c - Ozocubu's Armour      Chrm/Ice       ##......     14%         3    ###....


Dungeon Overview and Level Annotations

Branches:
Dungeon (4/15)
 Temple: D:4-7

Altars:
Elyvilon
Kikubaaqudgha
Ru
Zin


Innate Abilities, Weirdness & Mutations

You have a pair of horns on your head.
You are partially covered in thin metallic scales. (AC +2)
You are partially covered in sharp spines.


Message History

The ogre hits you with a giant club!!
Ouch! That really hurt!
You hit the ogre but do no damage.
The ogre is lightly wounded.
The ogre barely misses you.
You hit the ogre but do no damage.
The ogre is lightly wounded.
The ogre is struck by your spines. The ogre closely misses you.
Casting: Ozocubu's Armour
Confirm with . or Enter, or press ? or * to list all spells.
Aiming: Freeze
Press: ? - help, Shift-Dir - straight line, f - ogre
Aim: an ogre, wielding a giant club (lightly wounded)
You freeze the ogre.
The ogre is heavily wounded.
The ogre is struck by your spines. The ogre hits you with a giant club!
* * * LOW HITPOINT WARNING * * *
All of the chunks of flesh in your inventory have rotted away.
The ogre is struck by your spines. The ogre hits you with a giant club!
You die...

###########
###.........#
##...#######.# ###
#.######........# #.#
##.##
.............##.###.#
##.#.###
#.#...##......O.....#
##.#....## #....
##...###@#####
#......... ..#. #####
#.# #.##..>.## . #
#.# #.##...... #.#
#.##.....# #.####
#.###..#.# ##+#
##....# #......#.#
##...## ##.###.#
#####.##.# ##.....##
##.#.##.# #.....
##.......## #.#.....#
##.#.#


You could see an ogre.

Vanquished Creatures
  A phantom (D:4)
  A howler monkey (D:4)
  3 hounds (D:4)
  An orc wizard (D:4)
  A centaur skeleton (D:4)
  A worker ant (D:4)
  4 gnolls
  5 adders
  2 oozes
  3 worms
  5 leopard geckos
  6 orcs
  A ball python (D:1)
  4 giant cockroaches (D:4)
  8 goblins
  4 hobgoblins (D:1)
  7 jackals
  2 quokkas (D:4)
  7 bats
  5 frilled lizards
  5 kobolds
  12 rats
88 creatures vanquished.

Notes
Turn   | Place    | Note
-------+----------+-------------------------------------------
     0 | D:1      | Jynx the Demonspawn Ice Elementalist began the quest for the Orb.
     0 | D:1      | Reached XP level 1. HP: 13/13 MP: 3/3
   124 | D:1      | Gained mutation: You are partially covered in sharp spines. [demonic ancestry]
   124 | D:1      | Reached XP level 2. HP: 13/19 MP: 0/5
   197 | D:1      | Reached skill level 3 in Ice Magic
   451 | D:1      | Learned a level 2 spell: Throw Frost
   756 | D:1      | Gained mutation: You have a pair of small horns on your head. [demonic ancestry]
   756 | D:1      | Reached XP level 3. HP: 24/24 MP: 5/7
  1110 | D:2      | Gained mutation: You are partially covered in thin metallic scales. (AC +2) [demonic ancestry]
  1110 | D:2      | Reached XP level 4. HP: 19/30 MP: 4/8
  1296 | D:2      | Found a sacrificial altar of Ru.
  1647 | D:2      | Learned a level 3 spell: Ozocubu's Armour
  1653 | D:2      | Reached skill level 4 in Ice Magic
  2360 | D:3      | Gained mutation: You have a pair of horns on your head. [demonic ancestry]
  2360 | D:3      | Reached XP level 5. HP: 33/35 MP: 10/10
  2413 | D:3      | Found an ancient bone altar of Kikubaaqudgha.
  3472 | D:4      | Found a glowing silver altar of Zin.
  3472 | D:4      | Found a white marble altar of Elyvilon.
  3551 | D:4      | Reached XP level 6. HP: 39/41 MP: 12/12
  3562 | D:4      | Reached skill level 5 in Ice Magic
  3805 | D:4      | Reached skill level 1 in Fighting
  4003 | D:4      | Reached skill level 1 in Long Blades
  4251 | D:4      | Mangled by an ogre

Skill      XL: |  1  2  3  4  5  6 |
---------------+-------------------+-----
Ice Magic      | 3 4 5 |  5.3
Spellcasting   | 3 4 |  4.3
Fighting       | 1 |  1.3
Long Blades    | 1 |  1.0
Dodging        | |  1.7
Stealth        | |  1.7
Conjurations   | |  1.7
Charms         | |  0.6

Action                   |  1- 3 |  4- 6 || total
-------------------------+-------+-------++-------
Melee: Unarmed           |     2 |       ||     2
       Short sword       |    19 |    39 ||    58
       Headbutt          |     1 |    16 ||    17
       Falchion          |       |    59 ||    59
 Cast: Freeze            |    33 |    36 ||    69
       Ozocubu's Armour  |       |     3 ||     3
  Use: Scroll            |       |     8 ||     8
 Stab: Sleeping          |       |     4 ||     4
  Eat: Chunk             |     1 |     8 ||     9
       Pizza             |       |     1 ||     1
Armor: Robe              |     6 |    29 ||    35
Dodge: Dodged            |    30 |    74 ||   104
       Rpst.: Falchion   |       |    13 ||    13
